 Dungeon Crawl Stone Soup version 0.29-a0-409-gd843f3a (webtiles) character file.

Game seed: 4612220112027716781

151 Ballistic the Covered (level 5, -16/40 HPs)
             Began as a Gnoll Wanderer on May 13, 2022.
             Was a Believer of Cheibriados.
             Demolished by an ogre
             ... wielding a +0 giant club
              (32 damage)
             ... on level 4 of the Dungeon.
             The game lasted 00:27:09 (1258 turns).

Ballistic the Covered (Gnoll Wanderer)              Turns: 1258, Time: 00:27:10

Health: -16/40     AC: 12    Str: 21 (23) XL:     5   Next: 33%
Magic:  7/7        EV: 11    Int: 10 (13) God:    Cheibriados [**....]
Gold:   105        SH:  0    Dex: 17 (20) Spells: 6/6 levels left

rFire   + . .      SeeInvis .   B - +3 dagger (flame)
rCold   . . .      Faith    .   (no shield)
rNeg    . . .      Spirit   .   b - +2 scale mail
rPois   .          Reflect  .   A - +1 helmet
rElec   .          Harm     .   (no cloak)
rCorr   .          Rampage  .   (no gloves)
Will    .....                   (no boots)
Stlth   ++........              (no amulet)
HPRegen 0.13/turn               r - ring of protection from fire
MPRegen 0.10/turn               (no ring)

@: very slow
A: fangs 1, strong nose, distributed training, agile 1, sense surroundings 2
a: Renounce Religion, Bend Time


You were on level 4 of the Dungeon.
You worshipped Cheibriados.
Cheibriados was pleased with you.
You visited 1 branch of the dungeon, and saw 4 of its levels.

You collected 105 gold pieces.

Inventory:

Hand Weapons
 a - a +0 hand axe
 c - a +0 club
 g - a +1 short sword
 h - a +0 hunting sling
 i - a +0 short sword
 j - a +0 club
 k - a +0 whip
 l - a +0 club
 n - a +0 dagger
 o - a +0 club
 q - a +0 club
 t - a +0 flail
 v - a +0 dagger
 w - a +0 hunting sling
 x - a +0 dagger
 y - a +0 short sword
 B - a +3 dagger of flaming (weapon)
 C - a +0 dagger
 D - a +0 club
 E - a +0 club
 F - a +0 dagger
 G - a +0 dagger
 H - a +2 hunting sling of freezing
 I - a +0 dagger
 K - a +0 club
Missiles
 e - 61 stones (quivered)
Armour
 b - a +2 scale mail (worn)
 f - a +0 leather armour
 m - a +0 ring mail
 p - a +0 robe
 u - a +0 ring mail
 z - a +0 animal skin
 A - a +1 helmet (worn)
Jewellery
 r - a ring of protection from fire (left hand)
Scrolls
 d - a scroll of teleportation
Potions
 s - a potion of mutation


   Skills:
 + Level 2.9 Fighting
 + Level 1.4 Short Blades
 + Level 1.4 Long Blades
 + Level 4.7 Axes
 + Level 1.4 Maces & Flails
 + Level 1.4 Polearms
 + Level 1.4 Staves
 + Level 1.4 Slings
 + Level 1.4 Bows
 + Level 1.4 Crossbows
 + Level 1.4 Throwing
 + Level 6.7 Armour
 + Level 2.9 Dodging
 + Level 6.1 Stealth
 + Level 1.4 Shields
 + Level 1.4 Unarmed Combat
 + Level 1.4 Spellcasting
 + Level 1.1 Conjurations
 + Level 1.1 Hexes
 + Level 1.1 Summonings
 + Level 1.1 Necromancy
 + Level 1.1 Translocations
 + Level 1.1 Transmutations
 + Level 1.1 Fire Magic
 + Level 1.1 Ice Magic
 + Level 1.1 Air Magic
 + Level 1.1 Earth Magic
 + Level 1.1 Poison Magic
 + Level 1.6 Invocations
 + Level 1.4 Evocations


You had 6 spell levels left.
You didn't know any spells.
Your spell library contained the following spells:

 Spells                   Type           Power      Damage    Failure   Level
 Gell's Gravitas          Tloc           3%         N/A       83%         3
 Lesser Beckoning         Tloc           3%         N/A       83%         3
 Teleport Other           Tloc           3%         N/A       83%         3
 Cause Fear               Hex            1%         N/A       99%         4
 Ice Form                 Ice/Tmut       3%         N/A       99%         4
 Silence                  Hex/Air        1%         N/A       100%        5
 Summon Mana Viper        Hex/Summ       3%         N/A       100%        5


Dungeon Overview and Level Annotations

Branches:
Dungeon (4/15)
 Temple: D:4-7

Altars:
Cheibriados


Innate Abilities, Weirdness & Mutations

You have very sharp teeth.
Your uncanny sense of smell can sniff out nearby items.
Your experience applies equally to all skills.
You are agile. (Dex +2)
You passively map the area around you.


Message History

As you read the scroll of teleportation, it crumbles to dust.
You feel strangely unstable.
The orc priest looks encouraged for a moment.
The orc hits you but does no damage. The iguana bites you.
The orc priest mumbles some strange prayers to Beogh against you.
Beogh smites you! The orc hits you but does no damage. x2
You completely miss the orc. The orc priest closely misses you.
The orc hits you but does no damage.
The iguana bites you but does no damage.
The orc hits you but does no damage. The orc barely misses you.
You barely miss the orc.
The orc is moderately wounded.
The orc priest calls upon Beogh to heal the orc.
The orc's wounds heal themselves!
The orc hits you but does no damage. The iguana closely misses you.
The orc closely misses you. The orc hits you but does no damage.
As you read the scroll labelled JORIB IWUTOLIX, it crumbles to dust.
It is a scroll of brand weapon.
Your +3 dagger of protection is engulfed in flames!
B - a +3 dagger of flaming (weapon)
The orc priest hits you but does no damage.
The orc closely misses you. The iguana barely misses you.
The orc hits you but does no damage. The orc closely misses you.
You hit the iguana. You burn the iguana.
The iguana is lightly wounded.
Your surroundings suddenly seem different.
An ogre, an orc and a worm come into view.
Found a spear, a whip, a robe and 7 gold pieces.
You hit the ogre but do no damage. The ogre misses you.
You hit the ogre. You burn the ogre.
The ogre is lightly wounded.
The orc shouts!
You hit the ogre. You burn the ogre.
The ogre is moderately wounded.
The ogre closely misses you.
You barely miss the ogre.
The ogre is lightly wounded.
The ogre hits you with a +0 giant club!!
Ouch! That really hurt!
You die...

* * * *, ,*
,.# , *, *
###.### * *
....... , *
* ....... ,
, , .......
#####.......
,
#....o......
,#.@....# ,
, *
#..O.w.#, ,
#.....)# ,
#..#....# *
,,
##.#...)+, ,
,.......# *
* **,
...,....# ,
, , ..[
.$..# * , ,
,


You could see an ogre, a worm and an orc.

Vanquished Creatures
  A scorpion (D:2)
  Robin (D:3)
  An adder (D:3)
  A gnoll (D:1)
  2 worms
  3 dart slugs
  2 orcs (D:3)
  6 endoplasms
  A giant cockroach (D:3)
  14 goblins
  8 hobgoblins
  2 ball pythons (D:2)
  3 bats
  A frilled lizard (D:1)
  3 kobolds
  A rat (D:1)
50 creatures vanquished.

Notes
Turn   | Place    | Note
-------+----------+-------------------------------------------
     0 | D:1      | Ballistic the Gnoll Wanderer began the quest for the Orb.
     0 | D:1      | Ballistic set off with the following items: a +0 hand axe,
                  | a +2 scale mail, a potion of curing, a scroll of
                  | teleportation
     0 | D:1      | Reached XP level 1. HP: 17/17 MP: 1/1
    44 | D:1      | Got Asuro's Tome of Bewitchment and Moulding
    72 | D:1      | Found a faded altar of an unknown god.
    90 | D:1      | Prayed at the altar of an unknown god.
    90 | D:1      | Became a worshipper of Cheibriados the Contemplative
    90 | D:1      | Reached * piety under Cheibriados
   130 | D:1      | Reached XP level 2. HP: 21/23 MP: 2/2
   313 | D:1      | Reached XP level 3. HP: 15/28 MP: 3/3
   545 | D:2      | Noticed a scorpion
   555 | D:2      | Killed a scorpion
   556 | D:2      | Reached skill level 1 in Short Blades
   556 | D:2      | Reached skill level 1 in Long Blades
   556 | D:2      | Reached skill level 1 in Maces & Flails
   556 | D:2      | Reached skill level 1 in Polearms
   556 | D:2      | Reached skill level 1 in Staves
   556 | D:2      | Reached skill level 1 in Slings
   556 | D:2      | Reached skill level 1 in Bows
   556 | D:2      | Reached skill level 1 in Crossbows
   556 | D:2      | Reached skill level 1 in Throwing
   556 | D:2      | Reached skill level 1 in Shields
   556 | D:2      | Reached skill level 1 in Unarmed Combat
   556 | D:2      | Reached skill level 1 in Spellcasting
   556 | D:2      | Reached skill level 1 in Invocations
   556 | D:2      | Reached skill level 1 in Evocations
   556 | D:2      | Reached XP level 4. HP: 22/34 MP: 3/5
   568 | D:2      | Reached ** piety under Cheibriados
   638 | D:2      | Reached skill level 1 in Conjurations
   638 | D:2      | Reached skill level 1 in Hexes
   638 | D:2      | Reached skill level 1 in Summonings
   638 | D:2      | Reached skill level 1 in Necromancy
   638 | D:2      | Reached skill level 1 in Translocations
   638 | D:2      | Reached skill level 1 in Transmutations
   638 | D:2      | Reached skill level 1 in Fire Magic
   638 | D:2      | Reached skill level 1 in Ice Magic
   638 | D:2      | Reached skill level 1 in Air Magic
   638 | D:2      | Reached skill level 1 in Earth Magic
   638 | D:2      | Reached skill level 1 in Poison Magic
  1018 | D:3      | Gained mutation: You passively map a small area around you.
                  | [potion of mutation]
  1018 | D:3      | Gained mutation: You are agile. (Dex +2) [potion of
                  | mutation]
  1018 | D:3      | Gained mutation: You passively map the area around you.
                  | [potion of mutation]
  1018 | D:3      | Noticed Robin
  1029 | D:3      | Reached XP level 5. HP: 40/40 MP: 6/6
  1051 | D:3      | Killed Robin
  1254 | D:4      | Noticed an ogre
  1258 | D:4      | Demolished by an ogre

Illustrated notes

Levels and vault maps discovered:
D:1:      dpeg_arrival_solitude, layout_basic,
          hellmonk_ecumenical_altar_run_dry, minivault_4
D:2:      layout_loops_cross, uniq_jessica
D:3:      layout_basic, uniq_robin
D:4:      cheibrodos_helix_gallery, layout_basic

Skill      XL: |  1  2  3  4 |
---------------+-------------+-----
Short Blades   | 1 |  1.4
Long Blades    | 1 |  1.4
Maces & Flails | 1 |  1.4
Polearms       | 1 |  1.4
Staves         | 1 |  1.4
Slings         | 1 |  1.4
Bows           | 1 |  1.4
Crossbows      | 1 |  1.4
Throwing       | 1 |  1.4
Stealth        | 6 |  6.1
Shields        | 1 |  1.4
Unarmed Combat | 1 |  1.4
Spellcasting   | 1 |  1.4
Invocations    | 1 |  1.6
Evocations     | 1 |  1.4
Conjurations   | 1 |  1.1
Hexes          | 1 |  1.1
Summonings     | 1 |  1.1
Necromancy     | 1 |  1.1
Translocations | 1 |  1.1
Transmutations | 1 |  1.1
Fire Magic     | 1 |  1.1
Ice Magic      | 1 |  1.1
Air Magic      | 1 |  1.1
Earth Magic    | 1 |  1.1
Poison Magic   | 1 |  1.1
Fighting       | |  2.9
Axes           | |  4.7
Armour         | |  6.7
Dodging        | |  2.9

Action                   |  1- 3 |  4- 6 || total
-------------------------+-------+-------++-------
Melee: Hand axe          |    11 |       ||    11
       Short sword       |    41 |    77 ||   118
       Bite              |     3 |     9 ||    12
       Punch             |     1 |     2 ||     3
       Dagger            |       |    22 ||    22
Throw: Stone             |     4 |    30 ||    34
  Use: Scroll            |     2 |     3 ||     5
       Potion            |       |     3 ||     3
 Stab: Sleeping          |     3 |     1 ||     4
Armor: Scale mail        |    30 |    50 ||    80
Dodge: Dodged            |    22 |    46 ||    68

Table legend: (Time is in decaauts)
 A = Elapsed time spent in this place.
 B = Non-inter-level travel time spent in this place.
 C = Inter-level travel time spent in this place.
 D = Time resting spent in this place.
 E = Time spent auto-exploring this place.
 F = Levels seen in this place.
 G = Mean time per level.
                   A        B        C        D        E       F      G
               +--------+--------+--------+--------+--------+-----+--------+
         Total |   1671 |    510 |   1161 |      0 |      0 |   4 |  417.8 |
       Dungeon |   1671 |    510 |   1161 |      0 |      0 |   4 |  417.8 |
               +--------+--------+--------+--------+--------+-----+--------+

Top non-repeatable levels by time:
     D:1: 634 daAuts
     D:3: 632 daAuts
     D:2: 392 daAuts
     D:4: 13 daAuts
